AoeStats
← Samurai_z

Arabia

510656766Analyzed
3v3 RM · 1d ago on Oct 2, 2026· 35m 28s· 6 players
Game mode
Random Map
Map size
Normal (6 player)
Population
200
Speed
Normal
Resources
Standard
Victory
Conquest
Starting age
Dark Age
Ending age
Imperial Age
RankedLock teamsTeams togetherTeam positionsShared explorationLock speedFull tech treeHidden civsTurbo modeCheats
Victory
Defeat
🇧🇷 Lithuanians · Brazil
822
+8
🇧🇷 Magyars · Brazil
760
+10
🇧🇷 Varangians · Brazil
754
+10
🇪🇨 Bohemians · Ecuador
726
-14
🇨🇱 Chinese · Chile
622
-9
🇪🇨 Cumans · Ecuador
492
-5
Benn 様
11:36 Feudal Age
14:22 Double-Bit Axe
21:28 Castle Age
21:04 Man-at-Arms
23:54 Crossbowman
30:42 Wheelbarrow
grandajuan917
0:48 Loom
11:47 Feudal Age
23:57 Arson
28:37 Stone Mining
28:56 Horse Collar
CucoxEvolution
12:47 Feudal Age
14:52 Horse Collar
14:59 Double-Bit Axe
15:54 Wheelbarrow
17:53 Loom
27:33 Castle Age
31:51 Bow Saw
32:12 Hand Cart
aLaN_DiCKSoN
8:54 Loom
10:44 Feudal Age
9:01 Loom
15:33 Double-Bit Axe
16:17 Horse Collar
17:45 Wheelbarrow
18:22 Bloodlines
23:07 Town Watch
25:00 Scale Barding Armor
28:04 Castle Age
26:49 Wheelbarrow
28:04 Man-at-Arms
29:57 Husbandry
30:00 Town Patrol
30:04 Crossbowman
30:04 Elite Skirmisher
35:53 Fletching
36:03 Padded Archer Armor
36:03 Scale Mail Armor
Samurai_z
6:23 Loom
10:12 Feudal Age
10:38 Double-Bit Axe
10:37 Horse Collar
12:49 Bloodlines
16:40 Town Watch
18:16 Wheelbarrow
22:05 Castle Age
21:14 Scale Barding Armor
21:19 Forging
22:13 Fletching
22:23 Padded Archer Armor
23:01 Bow Saw
22:54 Heavy Plow
24:38 Gold Mining
24:38 Stone Mining
28:47 Fervor
29:30 Stone Mining
30:16 Husbandry
31:21 Hill Forts
34:32 Iron Casting
36:14 Chain Barding Armor
Paulino
10:23 Feudal Age
8:39 Loom
16:03 Bloodlines
19:15 Scale Barding Armor
25:52 Castle Age
23:47 Arson
24:17 Forging
27:02 Husbandry
27:40 Iron Casting
27:26 Chain Barding Armor
29:42 Padded Archer Armor
Connection lost

Rejoining the realm…

Still unreachable

The connection could not be restored.

Session expired

The server has moved on; the page needs a fresh start.